 Dungeon Crawl Stone Soup version 0.26-a0-466-g989023bd0d (webtiles) character file.

Game seed: 1096883537933879593

20021 KristoblXynda the Carver (level 12, -12/81 HPs)
             Began as a Vampire Gladiator on July 30, 2020.
             Was an Elder of Ashenzari.
             Killed from afar by Roxanne (54 damage)
             ... with an iron shot
             ... on level 14 of the Dungeon.
             The game lasted 00:18:42 (12022 turns).

KristoblXynda the Carver (Vampire Gladiator)       Turns: 12022, Time: 00:18:42

Health: -12/81     AC: 18    Str: 13    XL:     12   Next: 41%
Magic:  12/12      EV: 15    Int: 15    God:    Ashenzari [****..]
Gold:   481        SH:  6    Dex: 16    Spells: 7/11 levels left

rFire    + + .     SeeInvis +   n - +11 scimitar of the Last Knives {distort, +Fly rF+ MR++} (curse)
rCold    . . .     Faith    .   H - +0 buckler (curse)
rNeg     . . .     Spirit   .   A - +2 chain mail {rF+} (curse)
rPois    .         Reflect  .   c - +1 helmet
rElec    .         Harm     .   (no cloak)
rCorr    .         Clarity  +   K - +0 pair of gloves
MR       +++..                  x - +0 pair of boots
Stlth    ++........             D - amulet of regeneration (curse)
HPRegen  0.83/turn              B - +4 ring of evasion (curse)
MPRegen  0.13/turn              (no ring)

@: regenerating quickly
A: fangs 3, see invisible, unbreathing
a: Exsanguinate, Curse Item, Scrying, Renounce Religion, Evoke Flight


You were on level 14 of the Dungeon.
You worshipped Ashenzari.
Ashenzari was greatly pleased with you.
You visited 3 branches of the dungeon, and saw 16 of its levels.

You collected 960 gold pieces.
You spent 479 gold pieces at shops.

Inventory:

Hand Weapons
 n - the cursed +11 scimitar of the Last Knives (weapon) {distort, +Fly rF+ MR++}
   (You found it on level 4 of the Dungeon)

   It warps and distorts space around it.
   Unwielding it can cause banishment or high damage.
   It protects you from fire.
   It affects your resistance to hostile enchantments.
   It lets you fly.
   It has a curse placed upon it.
 u - the +5 scythe "Finisher" {speed, eviscerate}
   (You took it off an orc on level 5 of the Dungeon)

   Attacks with this weapon are significantly faster.
Missiles
 d - 8 throwing nets (quivered)
Armour
 c - a +1 helmet (worn)
 x - a +0 pair of boots (worn)
 A - a cursed +2 chain mail of fire resistance (worn)
 H - a cursed +0 buckler (worn)
 K - a +0 pair of gloves (worn)
Jewellery
 B - a cursed +4 ring of evasion (left hand)
 D - a cursed amulet of regeneration (around neck)
Wands
 q - a wand of disintegration (31)
 s - a wand of iceblast (17)
 v - a wand of acid (16)
 y - a wand of digging (11)
 I - a wand of paralysis (12)
Scrolls
 e - 9 scrolls of teleportation
 h - 4 scrolls of magic mapping
 i - 2 scrolls of enchant armour
 l - 3 scrolls of remove curse
 m - 3 scrolls of blinking
 o - 4 scrolls of immolation
 t - 3 scrolls of fog
 J - a scroll of summoning
 L - 3 scrolls of identify
Potions
 a - 3 potions of heal wounds
 b - 3 potions of lignification
 f - a potion of stabbing
 g - 3 potions of resistance
 j - 2 potions of cancellation
 k - 11 potions of curing
 p - 2 potions of might
 r - a potion of ambrosia
 w - 3 potions of brilliance
 z - 2 potions of haste {unknown}
 E - a potion of mutation
 M - a potion of invisibility {unknown}
Miscellaneous
 C - a tin of tremorstones (3/3)
 F - a lightning rod (4/4)


   Skills:
 - Level 3.1 Fighting
 + Level 12.0(15.1) Long Blades
 - Level 2.0 Throwing
 + Level 8.4 Armour
 - Level 10.5 Dodging
 - Level 10.6 Stealth
 + Level 4.0(6.2) Shields
 + Level 5.1(7.4) Evocations


You had 7 spell levels left.
You knew the following spells:

 Your Spells              Type           Power        Failure   Level
a - Petrify               Tmut/Erth      #.......     100%        4

Your spell library contained the following spells:

 Spells                   Type           Power        Failure   Level
 Confusing Touch          Hex            #.......     100%        3
 Gell's Gravitas          Tloc           #.........   100%        3
 Metabolic Englaciation   Hex/Ice        #.........   100%        5
 Yara's Violent Unravell  Hex/Tmut       #.........   100%        5


Dungeon Overview and Level Annotations

Branches:
Dungeon (14/15)            Temple (1/1) D:6            Lair (0/6) D:11
    Orc (1/2) D:9          Vaults (0/5) D:13

Altars:
Ashenzari
Cheibriados
Dithmenos
Elyvilon
Fedhas
Gozag
Hepliaklqana
Kikubaaqudgha
Makhleb
Nemelex Xobeh
Okawaru
Qazlal
Ru
Sif Muna
Trog
Uskayaw
Vehumet
Wu Jian
Xom
Yredelemnul
Zin
The Shining One
Beogh

Shops:
D:5 *   D:6 ?   D:9 *   D:10 *   D:12 [(

Annotations:
D:14 Roxanne
Abyss:1 Maurice, Menkaure, Psyche


Innate Abilities, Weirdness & Mutations

Your natural rate of healing is unusually fast.
You have razor-sharp teeth.
You have supernaturally acute eyesight. (SInv)
You can survive without breathing.


Message History

You hit Roxanne.
Space warps horribly around Roxanne!
Roxanne is lightly damaged.
You hit Roxanne but do no damage.
Roxanne is lightly damaged.
You hit Roxanne.
Space warps horribly around Roxanne!
Roxanne is lightly damaged.
Roxanne casts a spell.
The crystal spear hits you!!!
Ouch! That really hurt!
You hear a shout!
You hit Roxanne.
Space bends around Roxanne.
Roxanne is moderately damaged.
You hit Roxanne but do no damage. You bite Roxanne, but do no damage.
Roxanne is lightly damaged.
You hit Roxanne but do no damage.
Space bends around Roxanne.
Roxanne is moderately damaged.
Roxanne mumbles some strange words.
The iron shot hits you!!!
Ouch! That really hurt!
You die...

* * , , , *
*..##........#
**,,..#........#
* ,,*#!#........#
*, *
**#....<.....# *
##..........# ,
#...........# *
,,
###...8.......#
,**
*.......@##.#*
**, *
.###.#.#...# , ,
* #...#†### * ***
** ##.#..# #.#.##
* * ,,* #.#.#
#.*#..* #...#
#.*#.#* ##..##
#.##.########...#


You could see Roxanne.

Vanquished Creatures
  A rakshasa (D:10)
  Harold (D:7)
  2 unseen horrors
  An orc knight (D:12)
  A manticore (D:14)
  A cyclops (D:14)
  Joseph (D:7)
  Maggie (D:7)
  2 tengu conjurers (D:13)
  A meliai (shapeshifter) (D:14)
  5 trolls
  Prince Ribbit (D:7)
  2 slime creatures (D:14)
  Sigmund (D:4)
  2 shadows
  A vampire (D:13)
  A wraith (D:13)
  7 yaks
  A water elemental (D:12)
  A wyvern (D:9)
  2 vampire mosquitoes (D:12)
  2 porcupines (D:11)
  10 orc warriors
  7 sky beasts
  3 phantoms
  3 black bears
  5 ogres
  A black bear (shapeshifter) (D:12)
  8 centaurs
  4 bullfrogs
  A water moccasin zombie (D:11)
  2 scorpions
  A howler monkey (D:9)
  8 wights
  2 centaur zombies
  2 hounds
  An iron imp (D:6)
  10 jellies
  6 orc priests
  11 orc wizards
  Jessica (D:3)
  A bullfrog skeleton (D:10)
  2 centaur skeletons
  4 iguanas
  8 worker ants
  2 hound skeletons
  A worker ant zombie (D:11)
  7 gnolls
  15 adders
  A shadow imp (D:5)
  2 white imps
  4 ufetubi
  2 adder skeletons
  An adder zombie (D:6)
  4 worms
  The ghost of fly the Sneak, a weakling FoDe (D:5)
  2 dart slugs
  8 leopard geckos
  28 orcs
  3 giant cockroaches
  9 goblins
  8 hobgoblins
  15 jackals
  7 quokkas
  A ball python (D:4)
  8 bats
  8 frilled lizards
  A goblin skeleton (D:6)
  A goblin zombie (D:6)
  A hobgoblin zombie (D:6)
  2 jackal skeletons (D:5)
  13 kobolds
  2 kobold skeletons (D:6)
  2 kobold zombies (D:6)
  An orc zombie (D:6)
  6 rats
305 creatures vanquished.

Vanquished Creatures (others)
  2 two-headed ogres
  A necromancer (D:13)
  A deep elf mage (D:13)
  A centaur zombie (D:13)
  A troll (D:10)
  2 slime creatures (D:14)
  A wraith (D:11)
  3 yaks
  An ice beast (D:9)
  A sky beast (D:11)
  An ogre (D:5)
  2 bullfrogs
  A big kobold (D:11)
  2 wights
  A bullfrog skeleton (D:9)
  An orc wizard (D:7)
  2 orcs (D:11)
24 creatures vanquished.

Grand Total: 329 creatures vanquished

Notes
Turn   | Place    | Note
-------+----------+-------------------------------------------
     0 | D:1      | KristoblXynda the Vampire Gladiator began the quest for the
                  | Orb.
     0 | D:1      | Reached XP level 1. HP: 16/16 MP: 1/1
   181 | D:1      | Reached XP level 2. HP: 22/22 MP: 2/2
   351 | D:1      | Reached XP level 3. HP: 26/27 MP: 3/3
   767 | D:2      | Reached skill level 1 in Stealth
   980 | D:2      | Found a basalt altar of Yredelemnul.
  1089 | D:2      | Reached XP level 4. HP: 34/34 MP: 4/4
  1940 | D:3      | Reached XP level 5. HP: 29/40 MP: 5/5
  2414 | D:3      | Noticed Jessica
  2424 | D:3      | Killed Jessica
  2424 | D:3      | Reached skill level 4 in Long Blades
  2916 | D:4      | Found a shimmering altar of Xom.
  2918 | D:4      | Found a snail-covered altar of Cheibriados.
  2923 | D:4      | Got a slimy scimitar
  2928 | D:4      | Identified the +11 scimitar of the Last Knives {distort,
                  | +Fly rF+ MR++} (You found it on level 4 of the Dungeon)
  2939 | D:4      | Found a transporter.
  2939 | D:4      | Noticed a sky beast
  2945 | D:4      | Found a transporter.
  3007 | D:4      | Found a hide-covered altar of Uskayaw.
  3144 | D:4      | Found a shadowy altar of Dithmenos.
  3163 | D:4      | Reached XP level 6. HP: 47/47 MP: 6/6
  3173 | D:4      | Found a bloodstained altar of Trog.
  3314 | D:4      | Found Fydirole's Antique Armour Emporium.
  3347 | D:4      | Noticed Sigmund
  3350 | D:4      | Killed Sigmund
  3350 | D:4      | Reached skill level 5 in Long Blades
  3350 | D:4      | Reached skill level 5 in Dodging
  3572 | D:4      | Reached skill level 5 in Stealth
  3572 | D:4      | Reached XP level 7. HP: 32/52 MP: 7/7
  3674 | D:5      | Entered Level 5 of the Dungeon
  3674 | D:5      | Found a runed translucent door.
  3683 | D:5      | Noticed fly's ghost (weakling FoDe)
  3697 | D:5      | Killed fly's ghost
  3708 | D:5      | Found a shimmering blue altar of Sif Muna.
  3803 | D:5      | Found an opulent altar of Gozag.
  3803 | D:5      | Found Gozag's Platinum Reserve.
  3895 | D:5      | Reached skill level 6 in Long Blades
  3895 | D:5      | Reached skill level 1 in Armour
  4001 | D:5      | Reached XP level 8. HP: 53/58 MP: 8/8
  4459 | D:6      | Found a glowing golden altar of the Shining One.
  4648 | D:6      | Found Vegeqi's Magic Scroll Boutique.
  4653 | D:6      | Found a staircase to the Ecumenical Temple.
  4665 | Temple   | Entered the Ecumenical Temple
  4720 | Temple   | Became a worshipper of Ashenzari the Shackled
  4817 | D:6      | Reached skill level 7 in Long Blades
  4905 | D:6      | Found an ancient bone altar of Kikubaaqudgha.
  5012 | D:6      | Found an ornate altar of the Wu Jian Council.
  5025 | D:6      | Reached XP level 9. HP: 56/63 MP: 9/9
  5252 | D:6      | Found a blossoming altar of Fedhas.
  5393 | D:7      | Noticed Harold
  5408 | D:7      | Killed Harold
  5591 | D:7      | Noticed Prince Ribbit
  5595 | D:7      | Noticed Joseph
  5610 | D:7      | Reached skill level 10 in Stealth
  5630 | D:7      | Killed Joseph
  5630 | D:7      | Reached skill level 8 in Long Blades
  5820 | D:7      | Killed Prince Ribbit
  5970 | D:7      | Found a blossoming altar of Fedhas.
  5995 | D:7      | Noticed Menkaure
  6001 | D:7      | Banished Menkaure
  6233 | D:7      | Noticed Maggie
  6249 | D:7      | Killed Maggie
  6249 | D:7      | Reached XP level 10. HP: 54/70 MP: 10/10
  6366 | D:7      | Found a white marble altar of Elyvilon.
  6628 | D:8      | Reached * piety under Ashenzari
  7375 | D:9      | Reached skill level 5 in Armour
  7462 | D:9      | Found a hazy altar of Hepliaklqana.
  7489 | D:9      | Found Paitakiph's Assorted Antiques.
  7491 | D:9      | Reached skill level 9 in Long Blades
  7613 | D:9      | Bought a dented cabochon amulet for 130 gold pieces
  7613 | D:9      | Bought a scroll labeled OKIDOIFUKHU for 26 gold pieces
  7663 | D:9      | Noticed Maurice
  7669 | D:9      | Banished Maurice
  7690 | D:9      | Noticed Psyche
  7692 | D:9      | Banished Psyche
  7704 | D:9      | Found a staircase to the Orcish Mines.
  7775 | D:9      | Found a shimmering altar of Xom.
  7818 | D:9      | Found a stormy altar of Qazlal.
  7954 | D:9      | Found a sacrificial altar of Ru.
  8098 | Orc:1    | Entered Level 1 of the Orcish Mines
  8098 | Orc:1    | Found a roughly hewn altar of Beogh.
  8098 | Orc:1    | Noticed an orc knight
  8098 | Orc:1    | Noticed an ettin
  8133 | D:10     | Entered Level 10 of the Dungeon
  8300 | D:10     | Found a shattered altar of Ashenzari.
  8334 | D:10     | Reached skill level 10 in Long Blades
  8425 | D:10     | Reached ** piety under Ashenzari
  8787 | D:10     | Noticed a rakshasa
  8800 | D:10     | Killed a rakshasa
  8800 | D:10     | Reached skill level 10 in Dodging
  8882 | D:10     | Reached XP level 11. HP: 75/75 MP: 11/11
  8982 | D:10     | Found Xyalo's Assorted Antiques.
  9499 | D:11     | Found a sparkling altar of Nemelex Xobeh.
  9628 | D:11     | Noticed a two-headed ogre
  9633 | D:11     | Banished a two-headed ogre
  9633 | D:11     | Reached skill level 1 in Evocations
  9683 | D:11     | Reached *** piety under Ashenzari
  9866 | D:11     | Reached skill level 11 in Long Blades
  9883 | D:11     | Found a staircase to the Lair.
 10305 | D:12     | Found Eforchal's Antique Weapon Emporium.
 10539 | D:12     | Noticed an orc knight
 10554 | D:12     | Killed an orc knight
 10554 | D:12     | Reached skill level 1 in Shields
 10683 | D:12     | Found Zaepaots's Antique Armour Shoppe.
 10691 | D:12     | Bought an embroidered scarf for 152 gold pieces
 10691 | D:12     | Bought an ichor-stained scale mail for 171 gold pieces
 10691 | D:12     | Identified the cursed +1 scale mail "Sial" {Int+3 SInv}
                  | (You bought it in a shop on level 12 of the Dungeon)
 10713 | D:12     | Found Arphusy's Weapon Shoppe.
 10721 | D:12     | Noticed an unseen horror
 10728 | D:12     | Killed an unseen horror
 10887 | D:13     | Noticed a deep elf mage
 10892 | D:13     | Banished a deep elf mage
 11045 | D:13     | Reached **** piety under Ashenzari
 11058 | D:13     | Identified the +3 leather armour of the Purple Skies {Harm
                  | +Fly rCorr Dex-3}
 11197 | D:13     | Reached XP level 12. HP: 81/81 MP: 12/12
 11234 | D:13     | Learned a level 4 spell: Petrify
 11309 | D:13     | Found a gate to the Vaults.
 11309 | D:13     | Noticed a two-headed ogre
 11314 | D:13     | Banished a two-headed ogre
 11957 | D:14     | Reached skill level 5 in Evocations
 12003 | D:14     | Noticed Roxanne
 12008 | D:14     | Reached skill level 12 in Long Blades
 12022 | D:14     | Killed from afar by Roxanne

Illustrated notes

Levels and vault maps discovered:
D:1:      minmay_arrival_stair_chambers, layout_basic
D:2:      layout_basic, yredelemnul_altar_generic
D:3:      layout_loops_corners, uniq_jessica
D:4:      layout_loops_cross, gammafunk_temple_overflow_arena,
          eat_drink_and_be_merry_uskayaw, lightli_temple_of_fire, serial_shops,
          shop_coins, nicolae_dithmenos_through_a_glass_darkly, uniq_sigmund
D:5:      layout_gridville, lemuel_crystal_altar, ebering_ghost_sewer_d,
          nicolae_gozag_zags_fifth_avenue
D:6:      layout_loops_ring, old_standard_altar, nicolae_tso_besieged_by_evil,
          kennysheep_mini, minmay_temple_entry_stoned_glass, serial_shops, shop,
          fedhas_altar_4
D:7:      layout_loops_ring, overflow_temple_1_default, basic_altar,
          minivault_10, uniq_prince_ribbit1, uniq_harold, uniq_joseph,
          uniq_maggie, uniq_menkaure
D:8:      layout_loops_corners
D:9:      layout_roguey, lemuel_coloured_pillars_altar,
          overflow_temple_1_default, nicolae_qazlal_eye_of_the_storm,
          serial_shops, shop, xom_teletrap_fun, uniq_maurice, uniq_psyche
D:10:     layout_irregular_city, serial_shops,
          nicolae_shop_competitors_out_of_business, nicolae_ashenzari_panopticon
D:11:     layout_stronghold, grunt_lair_entry_orc_guard_hut,
          nemelex_xobeh_ov_fountains_minmay
D:12:     layout_gridville, serial_shops, shop, shop, shop_fountains,
          lightli_minifort
D:13:     layout_small_grid, david_vaults_1
D:14:     layout_rooms, chequers_serial_rivers_micro_a, uniq_roxanne
Temple:   nicolae_temple_figure_zero
Orc:1:    layout_caves, basic_altar, mines1_david

Skill      XL: |  1  2  3  4  5  6  7  8  9 10 11 12 |
---------------+-------------------------------------+-----
Fighting       | 2 3 |  3.1
Throwing       | 2 |  2.0
Stealth        | 1 2 3 5 6 8 10 | 10.6
Dodging        | 4 5 6 7 8 10 | 10.5
Long Blades    | 4 5 6 7 8 10 11 12 | 12.0
Armour         | 1 3 4 6 7 8 |  8.4
Evocations     | 4 5 |  5.1
Shields        | 2 4 |  4.0

Action                   |  1- 3 |  4- 6 |  7- 9 | 10-12 || total
-------------------------+-------+-------+-------+-------++-------
Melee: Long sword        |    97 |   117 |       |       ||   214
       Bite              |     9 |    17 |    10 |    40 ||    76
       Scimitar          |       |    15 |   154 |   329 ||   498
Invok: Curse Item        |       |       |     2 |     3 ||     5
Evoke: Wand              |       |       |     1 |     4 ||     5
  Use: Scroll            |     6 |     3 |     6 |     9 ||    24
       Potion            |     1 |       |     1 |       ||     2
 Stab: Sleeping          |       |     5 |    10 |     6 ||    21
       Distracted        |       |       |     1 |       ||     1
       Paralysed         |       |       |       |     1 ||     1
Armor: Leather armour    |    27 |    27 |    16 |       ||    70
       Chain mail        |       |       |    19 |   122 ||   141
Dodge: Dodged            |    82 |   118 |    86 |   187 ||   473
Block: Buckler           |       |       |       |    25 ||    25
       Rpst.: Long sword |    27 |    42 |       |       ||    69
       Scimitar          |       |     3 |    21 |    54 ||    78

Table legend: (Time is in decaauts)
 A = Elapsed time spent in this place.
 B = Non-inter-level travel time spent in this place.
 C = Inter-level travel time spent in this place.
 D = Time resting spent in this place.
 E = Time spent auto-exploring this place.
 F = Levels seen in this place.
 G = Mean time per level.
                   A        B        C        D        E       F      G
               +--------+--------+--------+--------+--------+-----+--------+
         Total |  12005 |  11643 |    362 |   1384 |   7698 |  16 |  750.3 |
       Dungeon |  11876 |  11523 |    353 |   1384 |   7606 |  14 |  848.3 |
        Temple |    127 |    118 |      9 |      0 |     92 |   1 |  127.0 |
  Orcish Mines |      1 |      1 |      0 |      0 |      0 |   1 |    1.0 |
               +--------+--------+--------+--------+--------+-----+--------+

Top non-repeatable levels by time:
     D:3: 1273 daAuts
     D:7: 1178 daAuts
    D:11: 1095 daAuts
     D:2: 1038 daAuts
    D:10: 1034 daAuts
    D:13: 908 daAuts
     D:8: 885 daAuts
     D:6: 868 daAuts
     D:9: 778 daAuts
     D:4: 760 daAuts
     D:1: 650 daAuts
     D:5: 625 daAuts
    D:12: 583 daAuts
    D:14: 194 daAuts
  Temple: 127 daAuts
